 Dungeon Crawl Stone Soup version 0.25.0-1-g7eea58d (webtiles) character file.

Game seed: 13413904210344788076

83 bonscott the Sneak (level 4, 0/26 HPs)
             Began as a Vampire Assassin on June 26, 2020.
             Killed from afar by an orc wizard (9 damage)
             ... with a magic dart
             ... on level 2 of the Dungeon on June 27, 2020.
             The game lasted 00:05:07 (1764 turns).

bonscott the Sneak (Vampire Assassin)               Turns: 1764, Time: 00:05:08

Health: 0/26       AC:  5    Str: 11    XL:     4   Next: 22%
Magic:  4/4        EV: 13    Int: 13    God:
Gold:   61         SH:  0    Dex: 15    Spells: 3/3 levels left

rFire    . . .     SeeInvis +   a - +2 dagger
rCold    + + .     Gourm    .   (no shield)
rNeg     + + +     Faith    .   i - +0 leather armour
rPois    ∞         Spirit   .   (no helmet)
rElec    .         Reflect  .   c - +0 cloak
rCorr    .         Harm     .   l - +0 pair of gloves
MR       .....                  (no boots)
Stlth    +++++.....             (no amulet)
HPRegen  0.00/turn              (no ring)
MPRegen  0.09/turn              (no ring)

@: bloodless, slowed, very slow
A: no food, fangs 3, see invisible, unbreathing
a: Bat Form, Revivify


You were on level 2 of the Dungeon.
You were bloodless.

You visited 1 branch of the dungeon, and saw 2 of its levels.

You collected 61 gold pieces.

Inventory:

Hand Weapons
 a - a +2 dagger (weapon)
 o - a +0 falchion
Missiles
 d - 5 poisoned darts
 e - 2 curare-tipped darts
 f - 44 stones (quivered)
 n - 17 arrows
 q - an atropa-tipped dart
Armour
 b - a +0 robe
 c - a +0 cloak (worn)
 i - a +0 leather armour (worn)
 k - a cursed +0 ring mail
 l - a +0 pair of gloves (worn)
Scrolls
 g - a scroll of identify
 h - a scroll of remove curse {unknown}
 j - a scroll of immolation {unknown}
 m - a scroll of fog {unknown}
Potions
 p - a potion of flight {unknown}


   Skills:
 + Level 2.2 Fighting
 - Level 2.1 Short Blades
 - Level 1.5 Throwing
 - Level 2.0 Armour
 - Level 3.0 Dodging
 - Level 5.8 Stealth


You had 3 spell levels left.
You didn't know any spells.
Your spell library was empty.

Dungeon Overview and Level Annotations

Branches:
Dungeon (2/15)

Altars:


Innate Abilities, Weirdness & Mutations

You do not eat.
You do not regenerate when monsters are visible.
You are frail without blood (-20% HP).
You can heal yourself when you bite living creatures.
You are immune to poison.
You have razor-sharp teeth.
You have supernaturally acute eyesight. (SInv)
You can survive without breathing.


Message History

The orc hits you.
You hit the orc.
You kill the orc!
The orc wizard hits you with a +0 dagger of venom.
You closely miss the orc wizard.
The orc wizard is severely wounded.
The orc wizard mumbles some strange words.
The orc wizard blinks!
The orc wizard casts a spell at you.
The magic dart hits you but does no damage.
The orc wizard hits you but does no damage.
You hit the orc wizard.
The orc wizard is severely wounded.
The orc wizard points at you and mumbles some strange words.
The magic dart hits you. The orc wizard completely misses you.
You are too injured to fight recklessly!
You are too injured to fight recklessly!
The orc wizard casts a spell at you. The magic dart hits you!
You die...

#.#..#.####.############.#.######
#.#..#......#..÷.........#....#..
#.#..#..###.#..####...#######.#..
#.#..#..##.....# #...)....##.#..
#.#..#......#..# #...#..........
#.#......##.#..######.#.##.###...
#.#......#.......................
#.#.#.##.#..##.#.##.....#..#.#...
#.#......#.....#@(......#..#.####
#.#.#...##>....o.o.............).
#.......##########......#########
#.......# #..............#
#.......# ##............##
#.......# #..≈≈........# ###
#....#### #.≈o.(.......###..
#....# #≈≈≈..≈(.≈≈...≈##.# #....#
≈≈≈..≈..≈..≈..≈≈#)#


You could see 2 orc wizards.

Vanquished Creatures
  3 adders (D:2)
  A gnoll (D:1)
  A worm (D:2)
  A dart slug (D:1)
  2 leopard geckos (D:1)
  2 orcs (D:2)
  A ball python (D:1)
  5 giant cockroaches
  4 goblins
  3 hobgoblins
  3 kobolds
  A quokka (D:2)
  5 bats
  A frilled lizard (D:1)
  2 rats (D:2)
35 creatures vanquished.

Notes
Turn   | Place    | Note
-------+----------+-------------------------------------------
     0 | D:1      | bonscott the Vampire Assassin began the quest for the Orb.
     0 | D:1      | Reached XP level 1. HP: 16/16 MP: 1/1
   262 | D:1      | Reached XP level 2. HP: 17/17 MP: 2/2
   379 | D:1      | Reached skill level 1 in Armour
   439 | D:1      | Reached XP level 3. HP: 9/21 MP: 3/3
  1386 | D:2      | Reached XP level 4. HP: 26/26 MP: 4/4
  1764 | D:2      | Killed from afar by an orc wizard

Illustrated notes

Levels and vault maps discovered:
D:1:      dpeg_arrival_circle_labyrinth_b, layout_loops_ring
D:2:      cheibrodos_helix_gallery, layout_basic

Skill      XL: |  1  2  3  4 |
---------------+-------------+-----
Fighting       | 2 |  2.2
Dodging        | 2 3 |  3.0
Armour         | 1 2 |  2.0
Short Blades   | |  2.1
Throwing       | |  1.5
Stealth        | |  5.8

Action                   |  1- 3 |  4- 6 || total
-------------------------+-------+-------++-------
Melee: Dagger            |    77 |    21 ||    98
       Bite              |     4 |       ||     4
Throw: Dart              |     8 |     4 ||    12
       Stone             |     5 |     2 ||     7
 Abil: Exsanguinate      |     1 |       ||     1
  Use: Scroll            |     1 |       ||     1
 Stab: Sleeping          |    12 |       ||    12
Armor: Leather armour    |    14 |     3 ||    17
Dodge: Dodged            |    42 |    14 ||    56
